 Dungeon Crawl Stone Soup version 0.24-a0-264-gf46a388 (webtiles) character file.

Game seed: 3426315239855129639

40 Hasart the Cutter (level 3, -2/23 HPs)
             Began as a Kobold Monk on Apr 20, 2019.
             Slain by an adder (5 damage)
             ... on level 2 of the Dungeon.
             The game lasted 00:01:49 (612 turns).

Hasart the Cutter (Kobold Monk)                      Turns: 612, Time: 00:01:50

Health: -2/23      AC:  2    Str:  9    XL:     3   Next: 72%
Magic:  3/3        EV: 17    Int: 11    God:
Gold:   74         SH:  0    Dex: 17    Spells: 2/2 levels left

rFire    . . .     SeeInvis .   a - +0 short sword
rCold    . . .     Gourm    .   (shield restricted)
rNeg     . . .     Faith    .   b - +0 robe
rPois    .         Spirit   .   (no helmet)
rElec    .         Reflect  .   (no cloak)
rCorr    .         Harm     .   (no gloves)
MR       .....                  (no boots)
Stlth    +++.......             (no amulet)
HPRegen  0.07/turn              (no ring)
MPRegen  0.08/turn              (no ring)

@: no status effects
A: small, carnivore
a: no special abilities


You were on level 2 of the Dungeon.
You were very full.

You visited 1 branch of the dungeon, and saw 2 of its levels.

You collected 74 gold pieces.

Inventory:

Hand Weapons
 a - a +0 short sword (weapon)
Armour
 b - a +0 robe (worn)
Scrolls
 e - a scroll of enchant weapon {unknown}
 f - a scroll of identify {unknown}
Comestibles
 c - 2 rations


   Skills:
 + Level 3.6 Fighting
 * Level 4.8 Short Blades
 + Level 4.0 Dodging
 + Level 3.4 Stealth


You had 2 spell levels left.
You didn't know any spells.
Your spell library was empty.

Dungeon Overview and Level Annotations

Branches:
Dungeon (2/15)

Altars:


Innate Abilities, Weirdness & Mutations

You are small and have problems with some larger weapons.
You are carnivorous and can eat meat at any time.


Message History

The adder is moderately wounded.
The adder barely misses you.
It was a potion of curing.
You feel better. The quokka barely misses you. The adder bites you.
The quokka bites you.
Unknown command.
You hit the adder but do no damage.
The adder is moderately wounded.
The adder bites you but does no damage. The quokka completely misses you.
You hit the adder.
The adder is heavily wounded.
The adder bites you.
The goblin hits you with a cursed -1 dagger.
* * * LOW HITPOINT WARNING * * *
The quokka closely misses you.
You hit the adder.
The adder is heavily wounded.
The adder barely misses you. The quokka bites you.
* * * LOW HITPOINT WARNING * * *
The goblin barely misses you. The adder bites you.
You die...

#..#.......#..###.#.#
##..# #####
#...##.#.### #?...
##..<........ #....
#............ #.)..
#....#.##.###
#....#######.........#
#............#.#.##.#
#...Srg!.........#.#
#..##@..#...#....#.#
#.. #..............#
.................####
................###
................#.#
.).......###.##.#.#
.......#. .....#.#
##..## .##


You could see an adder, a quokka and a goblin.

Vanquished Creatures
  2 adders (D:2)
  3 bats (D:1)
  2 giant cockroaches (D:2)
  A goblin (D:1)
  2 hobgoblins
  4 kobolds
  3 quokkas (D:2)
  A frilled lizard (D:1)
  3 rats
21 creatures vanquished.

Notes
Turn   | Place    | Note
-------+----------+-------------------------------------------
     0 | D:1      | Hasart the Kobold Monk began the quest for the Orb.
     0 | D:1      | Reached XP level 1. HP: 14/14 MP: 1/1
   205 | D:1      | Reached XP level 2. HP: 17/19 MP: 2/2
   527 | D:2      | Reached XP level 3. HP: 23/23 MP: 3/3
   612 | D:2      | Slain by an adder

Levels and vault maps discovered:
D:1:      dpeg_arrival_three_smaller_balls, layout_loops_cross, minmay_circled_x
D:2:      minmay_chambers_of_ones, layout_basic, chequers_serial_rivers_small_3,
          corexii_corridor_pit

Skill      XL: |  1  2 |
---------------+-------+-----
Stealth        | 3 |  3.4
Dodging        | 4 |  4.0
Fighting       | |  3.6
Short Blades   | |  4.8

Action                   || total
-------------------------++-------
Melee: Short sword       ||    79
  Use: Potion            ||     1
 Stab: Sleeping          ||     7
  Eat: Chunk             ||     7
Armor: Robe              ||    13
Dodge: Dodged            ||    74

Table legend:
 A = Non-vault XP
 B = Vault XP
 C = Vault XP percentage of total XP
 D = Non-vault monster count
 E = Vault monster count
 F = Vault count percentage of total count
                 A         B        C        D         E       F
            +---------+---------+-------+---------+---------+-------
      Total |      58 |       0 |   0.0 |      21 |       0 |   0.0
            +---------+---------+-------+---------+---------+-------
        D:1 |      13 |       0 |   0.0 |       9 |       0 |   0.0
        D:2 |      45 |       0 |   0.0 |      12 |       0 |   0.0
            +---------+---------+-------+---------+---------+-------
